 Dungeon Crawl Stone Soup version 0.28-a0-1159-g27aa881441 (webtiles) character file.

Game seed: 7874975010926969113

3131 mainiacjoe the Fighter (level 9, -9/98 HPs)
             Began as an Ogre Fire Elementalist on Dec 15, 2021.
             Was a Follower of Hepliaklqana.
             Killed from afar by an efreet (22 damage)
             ... with a fireball
             ... on level 8 of the Dungeon.
             The game lasted 00:35:04 (8517 turns).

mainiacjoe the Fighter (Ogre Fire Elementalist)     Turns: 8517, Time: 00:35:05

Health: -9/98      AC:  5    Str: 14    XL:     9   Next: 92%
Magic:  13/13      EV:  9    Int: 20    God:    Hepliaklqana [*.....]
Gold:   109        SH:  0    Dex:  9    Spells: 1/14 levels left

rFire   . . .      SeeInvis .   b - +1 shortbow (freeze)
rCold   + . .      Faith    .   (shield currently unavailable)
rNeg    . . .      Spirit   .   p - +2 robe {Will+}
rPois   .          Reflect  .   (helmet restricted)
rElec   .          Harm     .   (no cloak)
rCorr   .          Rampage  .   (gloves unavailable)
Will    +....                   (boots unavailable)
Stlth   +.........              f - amulet of magic regeneration
HPRegen 0.26/turn               u - ring of wizardry
MPRegen 0.53/turn               D - ring of protection from cold

@: no status effects
A: reduced essence, large, unfitting armour, tough skin 1
a: Renounce Religion, Recall Ancestor, Ancestor Identity


You were on level 8 of the Dungeon.
You worshipped Hepliaklqana.
Hepliaklqana was aware of your devotion.
You visited 2 branches of the dungeon, and saw 9 of its levels.
You also visited: Sewer.

You collected 532 gold pieces.
You spent 423 gold pieces at shops.

Inventory:

Hand Weapons
 a - a +5 dagger of draining
 b - a +1 shortbow of freezing (weapon)
Missiles
 j - 240 stones
 m - 182 arrows (quivered ammo)
 o - 4 large rocks {=F}
 v - 2 javelins
 x - 7 boomerangs
 y - 68 poisoned darts
 z - 62 bolts
 L - 25 sling bullets
Armour
 g - a +1 robe
 p - a +2 robe of willpower (worn)
 H - a +0 kite shield
Jewellery
 f - an amulet of magic regeneration (around neck)
 u - a ring of wizardry (left hand)
 D - a ring of protection from cold (right hand)
Wands
 c - a wand of iceblast (8)
 i - a wand of digging (3)
 C - a wand of flame (39)
Scrolls
 d - 5 scrolls of teleportation
 h - a scroll of magic mapping
 l - 2 scrolls of vulnerability
 n - a scroll of summoning
 r - a scroll of fog
 B - a scroll of immolation
 E - 2 scrolls of enchant armour
 F - a scroll of blinking
 I - a scroll of silence {unknown}
 K - a scroll of fear {unknown}
Potions
 e - 4 potions of brilliance
 k - a potion of resistance
 q - a potion of magic
 t - a potion of lignification
 w - a potion of invisibility
 A - 3 potions of berserk rage
 G - 3 potions of mutation
 J - 4 potions of curing
 M - a potion of might


   Skills:
 * Level 12.7 Fighting
 - Level 1.7 Dodging
 - Level 1.4 Stealth
 - Level 3.0 Spellcasting
 - Level 6.0 Conjurations
 - Level 1.0 Hexes
 + Level 6.2 Fire Magic


You had one spell level left.
You knew the following spells:

 Your Spells              Type           Power      Damage    Failure   Level
a - Foxfire               Conj/Fire      100%       2x1d9     1%          1
b - Scorch                Fire           54%        2d7       1%          2
c - Inner Flame           Hex/Fire       17%        N/A       4%          3
d - Flame Wave            Conj/Fire      27%        2d6       4%          4
z - Conjure Flame         Conj/Fire      27%        6-21      1%          3

Your spell library contained the following spells:

 Spells                   Type           Power      Damage    Failure   Level
 Animate Skeleton         Necr           6%         N/A       6%          1
 Apportation              Tloc           6%         N/A       6%          1
 Summon Small Mammal      Summ           12%        N/A       6%          1
 Dazzling Flash           Conj/Hex       34%        N/A       4%          3
 Portal Projectile        Hex/Tloc       10%        N/A       14%         3
 Iskenderun's Mystic Bla  Conj/Tloc      15%        2d5       16%         4
 Starburst                Conj/Fire      13%        6d6       54%         6
 Blade Hands              Tmut           1%         N/A       80%         5
 Excruciating Wounds      Necr           1%         N/A       80%         5


Dungeon Overview and Level Annotations

Branches:
Dungeon (8/15)             Temple (1/1) D:6           Sewer (visited)
   Lair: D:8-11

Altars:
Ashenzari
Cheibriados
Dithmenos
Elyvilon
Fedhas
Gozag
Hepliaklqana
Kikubaaqudgha
Makhleb
Nemelex Xobeh
Okawaru
Qazlal
Ru
Sif Muna
Trog
Uskayaw
Vehumet
Wu Jian
Xom
Yredelemnul
The Shining One

Shops:
D:1 [   D:2 [*(=   D:5 *


Innate Abilities, Weirdness & Mutations

Your life essence is reduced to manifest your ancestor. (-10% HP)
You are too large for most types of armour.
You have tough skin. (AC +1)


Message History

Press: ? - help, v - describe, . - travel
Here: an efreet, wielding a +2 scimitar of flaming The floor.
You shoot an arrow. The arrow hits the efreet.
The arrow freezes the efreet.
The efreet is lightly wounded.
The efreet hits you with a +2 scimitar of flaming.
The efreet burns you.
You shoot an arrow. The arrow barely misses the efreet.
The efreet gestures at you. The bolt of fire hits you!
Xochitl hits the efreet but does no damage.
You shoot an arrow. The arrow hits the efreet.
The arrow freezes the efreet.
The efreet is moderately wounded.
The efreet gestures at you. The bolt of fire hits you!!
Xochitl hits the efreet.
The efreet hits you with a +2 scimitar of flaming!
The efreet burns you.
Xochitl hits the efreet.
You are too injured to fight recklessly!
Unknown command.
Fire: 183 arrows
Press: ? - help, Q - select action, (/) - cycle Shift-Dir - straight line, f/p - efreet
Aim: an efreet, wielding a +2 scimitar of flaming (heavily wounded, ally target, 80% to hit)
You shoot an arrow.
The arrow hits the efreet but does no damage.
The efreet is heavily wounded.
The efreet hits you with a +2 scimitar of flaming!!
* * * LOW HITPOINT WARNING * * *
The efreet burns you.
* * * LOW HITPOINT WARNING * * *
Xochitl hits the efreet but does no damage.
It was a potion of heal wounds.
You feel much better. The efreet gestures at you. The bolt of fire hits you!!
* * * LOW HITPOINT WARNING * * *
Xochitl hits the efreet.
The efreet gestures at you.
The fireball explodes!
The fireball engulfs Xochitl!
Xochitl resists.
The fireball engulfs you!!
You die...

##.......#............##...#
#.......#............#####.
#.......+............# .
#.......#............# .
#.......##...........#### .
....#+#.. .....#........#
#.#.###R.>.#........#
#.....R....+........#
##....@#####........#
#..................#.
#.....####...........#
##+#... #.######....# #.###
#.# ....# ## ### ....# ...#
.##


You could see the friendly Xochitl the ancestor and an efreet (ally target).

Vanquished Creatures
  A kobold demonologist (D:7)
  Prince Ribbit (D:5)
  A wyvern (D:7)
  2 steam dragons
  A water moccasin (D:7)
  Pargi (Sewer)
  An ice beast (D:5)
  4 ogres
  2 centaurs
  A kobold brigand (D:8)
  2 phantoms (D:4)
  A bullfrog (D:6)
  A gnoll sergeant (D:5)
  A wyvern skeleton (D:5)
  2 wights (D:8)
  A centaur zombie (D:7)
  3 hounds
  A jelly (D:7)
  A centaur skeleton (D:7)
  3 bullfrog skeletons
  An orc priest (D:3)
  Jessica (D:2)
  2 iguanas
  8 orc wizards
  Terence (D:3)
  A hound skeleton (D:4)
  A howler monkey zombie (D:6)
  7 gnolls
  10 adders
  A river rat (D:5)
  A shadow imp (D:6)
  An ufetubus (D:7)
  An adder skeleton (D:4)
  A worm (D:3)
  2 dart slugs
  16 orcs
  10 ball pythons
  6 endoplasms
  4 giant cockroaches
  10 goblins
  10 hobgoblins
  18 kobolds
  2 quokkas
  6 bats
  3 frilled lizards
  A hobgoblin zombie (D:7)
  An orc zombie (D:7)
  3 rats
160 creatures vanquished.

Vanquished Creatures (collateral kills)
  A wight (D:8)
  A centaur zombie (D:8)
  A mummy (D:7)
  A howler monkey zombie (D:7)
  A hobgoblin zombie (D:7)
  A kobold zombie (D:7)
6 creatures vanquished.

Vanquished Creatures (others)
  401 foxfires
401 creatures vanquished.

Grand Total: 567 creatures vanquished

Notes
Turn   | Place    | Note
-------+----------+-------------------------------------------
     0 | D:1      | mainiacjoe the Ogre Fire Elementalist began the quest for
                  | the Orb.
     0 | D:1      | Reached XP level 1. HP: 16/16 MP: 3/3
     9 | D:1      | Reached skill level 1 in Conjurations
   148 | D:1      | Reached XP level 2. HP: 24/24 MP: 1/5
   151 | D:1      | Learned a level 2 spell: Scorch
   389 | D:1      | Found Pupus's Armour Boutique.
   805 | D:1      | Reached XP level 3. HP: 31/31 MP: 2/6
  1066 | D:2      | Noticed Jessica
  1066 | D:2      | Found Wobyxir's Assorted Antiques.
  1071 | D:2      | Killed Jessica
  1079 | D:2      | Bought a scroll labelled UBITWA DISETRE for 23 gold pieces
  1144 | D:2      | Found a sparkling altar of Nemelex Xobeh.
  1155 | D:2      | Reached XP level 4. HP: 39/39 MP: 5/8
  1164 | D:2      | Found Rimuopat's Antique Armour Boutique.
  1232 | D:2      | Reached skill level 1 in Fighting
  1276 | D:2      | Found Rymuv's Weapon Shoppe.
  1290 | D:2      | Bought 4 large rocks for 36 gold pieces
  1556 | D:2      | Reached skill level 2 in Fighting
  1826 | D:2      | Reached XP level 5. HP: 50/50 MP: 7/9
  1832 | D:2      | Found Vuosinac's Jewellery Emporium.
  1896 | D:2      | Bought a scroll labelled ROSAF TEGUGU for 23 gold pieces
  1896 | D:2      | Bought a scroll of identify for 46 gold pieces
  1896 | D:2      | Bought a white potion for 20 gold pieces
  2031 | D:3      | Noticed Terence
  2041 | D:3      | Killed Terence
  2042 | D:3      | Reached skill level 3 in Fighting
  2071 | D:3      | Found a faded altar of an unknown god.
  2204 | D:3      | Reached skill level 4 in Fighting
  2335 | D:3      | Reached XP level 6. HP: 59/60 MP: 4/10
  2930 | D:4      | Reached skill level 5 in Fighting
  2998 | D:4      | Reached skill level 6 in Fighting
  3116 | D:4      | Reached XP level 7. HP: 72/76 MP: 6/11
  3247 | D:4      | Reached skill level 7 in Fighting
  3680 | D:4      | Learned a level 3 spell: Conjure Flame
  3684 | D:4      | Learned a level 3 spell: Inner Flame
  3749 | D:5      | Entered Level 5 of the Dungeon
  3749 | D:5      | Noticed a steam dragon
  3756 | D:5      | Killed a steam dragon
  3757 | D:5      | Reached skill level 8 in Fighting
  3970 | D:5      | Reached XP level 8. HP: 62/89 MP: 12/12
  4047 | D:5      | Reached skill level 1 in Hexes
  4075 | D:5      | Found a glowing drain.
  4155 | D:5      | Reached skill level 9 in Fighting
  4278 | Sewer    | Entered a sewer
  4456 | Sewer    | Noticed Pargi
  4464 | Sewer    | Killed Pargi
  4655 | D:5      | Noticed Prince Ribbit
  4665 | D:5      | Killed Prince Ribbit
  4666 | D:5      | Reached skill level 10 in Fighting
  4918 | D:5      | Learned a level 4 spell: Flame Wave
  5251 | D:5      | Reached skill level 5 in Conjurations
  5251 | D:5      | Reached skill level 5 in Fire Magic
  5251 | D:5      | Reached XP level 9. HP: 102/102 MP: 7/13
  5424 | D:5      | Found Peteraoj's General Store.
  5434 | D:5      | Bought a scroll of identify for 28 gold pieces
  5436 | D:5      | Upgraded the game from 0.28-a0-1152-g9c71ebef14 to
                  | 0.28-a0-1159-g27aa881441
  5646 | D:6      | Found a staircase to the Ecumenical Temple.
  5683 | Temple   | Entered the Ecumenical Temple
  6119 | Temple   | Became a worshipper of Elyvilon the Healer
  6134 | Temple   | Fell from the grace of Elyvilon
  6134 | Temple   | Became a worshipper of Hepliaklqana the Forgotten
  6499 | D:6      | Reached skill level 11 in Fighting
  6814 | D:1      | Bought a +2 robe of willpower for 247 gold pieces
  7303 | D:7      | Noticed a kobold demonologist
  7309 | D:7      | Killed a kobold demonologist
  7310 | D:7      | Reached skill level 12 in Fighting
  7479 | D:7      | Reached * piety under Hepliaklqana
  8511 | D:8      | Noticed an efreet
  8517 | D:8      | Killed from afar by an efreet

Illustrated notes

Levels and vault maps discovered:
D:1:      scummos_arrival_simple_crosswalls, layout_loops_ring, serial_shops,
          shop_fountains, chequers_serial_rivers_marsh,
          chequers_serial_rivers_micro_d
D:2:      layout_loops_cross, serial_shops, shop, shop, shop_coins,
          nicolae_shop_bloodbath_and_beyond, basic_altar, uniq_jessica
D:3:      layout_basic, hellmonk_ecumenical_altar_arch_garden, uniq_terence
D:4:      layout_loops_ring
D:5:      layout_loops_ring, serial_shops, kennysheep_little_box,
          cheibrodos_sewer_entry_sluice, minmay_a_box_with_orc_wizards_in_it,
          uniq_prince_ribbit1
D:6:      layout_basic, temple_pool_b
D:7:      layout_layer_cave, minmay_mini_ossuary
D:8:      layout_basic, zin_purify, uniq_pikel
Temple:   mainiacjoe_temple_trianglar_array

Skill      XL: |  1  2  3  4  5  6  7  8  9 |
---------------+----------------------------+-----
Conjurations   | 1 2 3 4 5 6 |  6.0
Fire Magic     | 3 4 5 6 |  6.2
Spellcasting   | 3 |  3.0
Fighting       | 2 4 6 8 10 12 | 12.7
Hexes          | 1 |  1.0
Dodging        | |  1.7
Stealth        | |  1.4

Action                   |  1- 3 |  4- 6 |  7- 9 || total
-------------------------+-------+-------+-------++-------
Melee: Dagger            |    20 |    29 |    56 ||   105
 Fire: Shortbow          |       |       |    56 ||    56
Throw: Stone             |       |     2 |     7 ||     9
 Cast: Foxfire           |    35 |    92 |   122 ||   249
       Scorch            |     5 |    14 |    61 ||    80
       Flame Wave        |       |       |     3 ||     3
       Conjure Flame     |       |       |     2 ||     2
       Inner Flame       |       |       |     2 ||     2
Evoke: Wand              |       |       |     1 ||     1
  Use: Scroll            |     1 |     7 |    14 ||    22
       Potion            |       |       |     3 ||     3
 Stab: Sleeping          |       |     3 |     3 ||     6
Armor: Robe              |    13 |    10 |    31 ||    54
Dodge: Dodged            |    19 |    20 |    47 ||    86

Table legend: (Time is in decaauts)
 A = Elapsed time spent in this place.
 B = Non-inter-level travel time spent in this place.
 C = Inter-level travel time spent in this place.
 D = Time resting spent in this place.
 E = Time spent auto-exploring this place.
 F = Levels seen in this place.
 G = Mean time per level.
                   A        B        C        D        E       F      G
               +--------+--------+--------+--------+--------+-----+--------+
         Total |   8539 |   8028 |    511 |    403 |   5869 |  10 |  853.9 |
       Dungeon |   7648 |   7180 |    468 |    254 |   5490 |   8 |  956.0 |
        Temple |    540 |    497 |     43 |      0 |    379 |   1 |  540.0 |
         Sewer |    350 |    350 |      0 |    149 |      0 |   1 |  350.0 |
               +--------+--------+--------+--------+--------+-----+--------+

Top non-repeatable levels by time:
     D:5: 1526 daAuts
     D:1: 1130 daAuts
     D:3: 1094 daAuts
     D:7: 1054 daAuts
     D:2: 925 daAuts
     D:4: 870 daAuts
     D:6: 650 daAuts
  Temple: 540 daAuts
     D:8: 394 daAuts
   Sewer: 350 daAuts
